 Dungeon Crawl Stone Soup version 0.30-a0-12-gd8047c6341 (webtiles) character file.

Game seed: 5638980446051683045

97911 Zeldest the Bludgeoner (level 15, -9/129 HPs)
             Began as a Mummy Fighter on Aug 23, 2022.
             Was a Believer of Yredelemnul.
             Mangled by a swamp dragon (21 damage)
             ... called by a spriggan druid
             ... on level 1 of the Swamp.
             The game lasted 01:07:06 (29103 turns).

Zeldest the Bludgeoner (Mummy Fighter)             Turns: 29103, Time: 01:07:07

Health: -9/129     AC: 14    Str: 33    XL:     15   Next: 73%
Magic:  24/25      EV:  7    Int: 11    God:    Yredelemnul [**....]
Gold:   2124       SH: 11    Dex: 18    Spells: 14/14 levels left

rFire   . . .      SeeInvis .    E - +5 broad axe (vamp)
rCold   + + +      Faith    .    J - +2 kite shield
rNeg    + + +      Spirit   .    A - +1 chain mail {Will+}
rPois   ∞          Reflect  .    a - +0 helmet
rElec   .          Harm     .    y - +1 cloak
rCorr   +          Rampage  .    (no gloves)
Will    ++...                    v - -1 pair of boots of the Solstice {*Corrode rF+ Int+4}
Stlth   ..........               m - amulet of Nemelex Xobeh, Baking {Acrobat Drain rC+++ rN+ Str+6}
HPRegen 0.31/turn                x - ring of resist corrosion
MPRegen 0.19/turn                I - ring "Washomp" {Dex+6 Slay+6 Stlth+}

@: no status effects
A: cold resistance 1, negative energy resistance 3, torment resistance 2, heat
vulnerability 1, in touch with death 2, no potions
a: Renounce Religion, Recall Undead Harvest, Dark Bargain


You were on level 1 of the Swamp.
You worshipped Yredelemnul.
Yredelemnul was pleased with you.
You visited 4 branches of the dungeon, and saw 23 of its levels.
You also visited: Sewer and Ice Cave.

You collected 2787 gold pieces.
You spent 663 gold pieces at shops.

Inventory:

Hand Weapons
 e - the +10 eveningstar of Fear {vorpal, Str+4}
   (You acquired it in a sewer)

   It inflicts extra damage upon your enemies.
   Str:       It affects your strength (+4).
 E - a +5 vampiric broad axe (weapon)
Missiles
 b - 4 throwing nets (quivered)
Armour
 a - a +0 helmet (worn)
 v - the -1 pair of boots of the Solstice (worn) {*Corrode rF+ Int+4}
   (You bought it in a shop on level 7 of the Dungeon)

   Int:       It affects your intelligence (+4).
   rF:        It protects you from fire.
   *Corrode:  It may corrode you when you take damage.
 y - a +1 cloak (worn)
 A - a +1 chain mail of willpower (worn)
 J - a +2 kite shield (worn)
Jewellery
 c - a ring of protection from cold
 l - a +4 ring of slaying
 m - the amulet of Nemelex Xobeh, Baking (around neck) {Acrobat Drain rC+++ rN+ Str+6}
   (You found it on level 3 of the Dungeon)

   [amulet of the acrobat]

   It increases your evasion while moving and waiting.
   Str:       It affects your strength (+6).
   rC:        It renders you almost immune to cold.
   rN:        It protects you from negative energy.
   Drain:     It drains your maximum health when unequipped.
 x - a ring of resist corrosion (left hand)
 I - the ring "Washomp" (right hand) {Dex+6 Slay+6 Stlth+}
   (You found it on level 14 of the Dungeon)

   [ring of dexterity]

   Dex:       It affects your dexterity (+6).
   Slay:      It affects your accuracy & damage with ranged weapons and melee
   (+6).
   Stlth:     It makes you more stealthy.
Wands
 k - a wand of iceblast (21)
 s - a wand of quicksilver (4)
 t - a wand of flame (18)
 u - a wand of digging (8)
 C - a wand of charming (15)
 H - a wand of mindburst (20)
Scrolls
 d - 4 scrolls of poison
 f - 7 scrolls of enchant armour
 g - a scroll of magic mapping
 h - 5 scrolls of fog
 i - a scroll of silence
 j - 5 scrolls of immolation
 n - 4 scrolls of identify
 o - 12 scrolls of noise
 p - 9 scrolls of teleportation
 D - 12 scrolls of amnesia
 G - 2 scrolls of vulnerability
Miscellaneous
 F - a phantom mirror


   Skills:
 + Level 15.4 Fighting
 - Level 3.3(10.8) Axes
 - Level 15.8(16.0) Maces & Flails
 + Level 4.2 Armour
 + Level 2.8 Shields
 + Level 13.5 Invocations


You had 14 spell levels left.
You didn't know any spells.
Your spell library contained the following spells:

 Spells                   Type           Power      Damage    Failure   Level
 Foxfire                  Conj/Fire      0%         2x1d4     99%         1
 Necrotise                Necr           0%         1d4       99%         1
 Slow                     Hex            0%         N/A       99%         1
 Sting                    Tmut/Pois      0%         1d3       99%         1
 Poisonous Vapours        Pois/Air       0%         N/A       100%        2
 Scorch                   Fire           0%         2d5       100%        2
 Call Canine Familiar     Summ           0%         N/A       100%        3
 Confusing Touch          Hex            0%         N/A       100%        3
 Conjure Flame            Conj/Fire      0%         6-21      100%        3
 Frozen Ramparts          Ice            0%         1d1       100%        3
 Gell's Gravitas          Tloc           0%         N/A       100%        3
 Ignite Poison            Fire/Tmut/Pois 0%         N/A       100%        3
 Inner Flame              Hex/Fire       0%         N/A       100%        3
 Mephitic Cloud           Conj/Pois/Air  0%         N/A       100%        3
 Portal Projectile        Hex/Tloc       0%         N/A       100%        3
 Teleport Other           Tloc           0%         N/A       100%        3
 Vampiric Draining        Necr           0%         2d6       100%        3
 Anguish                  Hex/Necr       0%         N/A       100%        4
 Corpse Rot               Necr/Pois/Air  0%         N/A       100%        4
 Dispel Undead            Necr           0%         3d6       100%        4
 Flame Wave               Conj/Fire      0%         2d4       100%        4
 Fulminant Prism          Conj/Hex       0%         3d6       100%        4
 Hailstorm                Conj/Ice       0%         3d3       100%        4
 Iskenderun's Mystic Bla  Conj/Tloc      0%         2d3       100%        4
 Leda's Liquefaction      Hex/Erth       0%         N/A       100%        4
 Olgreb's Toxic Radiance  Pois           0%         N/A       100%        4
 Petrify                  Tmut/Erth      0%         N/A       100%        4
 Summon Ice Beast         Ice/Summ       0%         N/A       100%        4
 Agony                    Necr           0%         N/A       100%        5
 Alistair's Intoxication  Tmut/Pois      0%         N/A       100%        5
 Borgnjor's Vile Clutch   Necr/Erth      0%         N/A       100%        5
 Freezing Cloud           Conj/Ice/Air   0%         6-21      100%        5
 Irradiate                Conj/Tmut      0%         3d11      100%        5
 Lee's Rapid Deconstruct  Erth           0%         3d5*      100%        5
 Summon Forest            Summ/Tloc      0%         N/A       100%        5
 Dispersal                Tloc           0%         N/A       100%        6
 Eringya's Noxious Bog    Tmut/Pois      0%         N/A       100%        6
 Summon Cactus Giant      Summ           0%         N/A       100%        6
 Enfeeble                 Hex            0%         N/A       100%        7
 Summon Hydra             Summ           0%         N/A       100%        7
 Disjunction              Tloc           0%         N/A       100%        8
 Sublimation of Blood     Necr           Unusable   N/A       N/A         2
 Ice Form                 Ice/Tmut       Unusable   N/A       N/A         4
 Death Channel            Necr           Unusable   N/A       N/A         6
 Simulacrum               Ice/Necr       Unusable   N/A       N/A         6

Dungeon Overview and Level Annotations

Branches:
Dungeon (15/15)            Temple (0/1) D:5            Lair (5/5) D:9
  Swamp (1/4) Lair:3       Spider (0/4) Lair:3        Slime (0/5) Lair:5
    Orc (2/2) D:9             Elf (0/3) Orc:2        Vaults (0/5) D:13
 Depths (0/4) D:15          Sewer (visited)           IceCv (visited)

Altars:
Ashenzari
Fedhas
Gozag
Hepliaklqana
Kikubaaqudgha
Okawaru
Qazlal
Uskayaw
Vehumet
Wu Jian
Xom
Yredelemnul

Shops:
D:7 [   Orc:2 ??=(!

Annotations:
D:11 3 runed translucent doors, SensoryNuts's ghost, journeyman HOFi
D:15 3 runed translucent doors, exclusion: stone giant, Ryruocesk's ghost, adept DEFE; dang3rdave's ghost, journeyman VSBr
Lair:4 exclusion: oklob plant
Lair:5 exclusions: door and obsidian statue
Swamp:1 Mlioglotl


Innate Abilities, Weirdness & Mutations

You are immune to poison.
Your flesh is cold resistant. (rC+)
You are immune to negative energy. (rN+++)
You are immune to unholy pain and torment.
You are vulnerable to heat. (rF-)
You are strongly in touch with the powers of death.
You do not drink.


Message History

The alligator is engulfed in poison gas.
The alligator looks even sicker.
The alligator bites you.
* * * LOW HITPOINT WARNING * * *
You block the alligator's attack.
The vampire mosquito buzzes angrily.
You slice the alligator!!
You feel better.
The alligator is severely wounded.
You hit the alligator but do no damage. You slash the swamp dragon!
The alligator bites you!!
* * * LOW HITPOINT WARNING * * *
You block the alligator's attack.
The swamp dragon bites you but does no damage.
The swamp dragon claws you.
* * * LOW HITPOINT WARNING * * *
The swamp dragon tramples you.
* * * LOW HITPOINT WARNING * * *
You hold your ground!
The alligator is engulfed in poison gas.
The alligator looks as sick as possible!
The alligator bites you!
* * * LOW HITPOINT WARNING * * *
The alligator barely misses you.
The alligator bites you but does no damage.
The alligator tail-slaps you but does no damage.
You slice the alligator!!
You feel better.
You kill the alligator!
You slice the swamp dragon!! You slash the swamp dragon!
You feel better.
You chop one of the four-headed hydra's heads off!
The three-headed hydra grows two more!
You slash the five-headed hydra! You slash the alligator!
You feel better.
The dead are walking!
You can now trade souls for undead servants.
The five-headed hydra bites you.
* * * LOW HITPOINT WARNING * * *
The five-headed hydra barely misses you.
The five-headed hydra closely misses you.
The five-headed hydra barely misses you.
The five-headed hydra bites you but does no damage.
The swamp dragon bites you!!
You die...
Yredelemnul claims you as an undead slave.

~~.♣ ~~~~~ ....♣ ♣♣♣♣♣.....
.....~.♣ ♣~.~...~ .. #~..~~.
~♣♣♣ ♣~.♣.. .§
#..~§.~♣♣§.~♣♣~.D♣♣ ~~
#n....♣♣~...$.D@.Z♣ ~~
#.~.~..~..°~y.DDt)♣♣♣ ~~
##..~~~~..~§~~~~~~>.~♣ ~~
....$.~~...~§°§~~Z...♣ ..
...$~~~~~(~~y..~~~.♣♣♣
.....~~~~~..~~.~~~.♣♣♣♣♣ .~
~.~...~~~..~~~.~~~....~♣♣ ~.~
~.y...~~~.....~~....~..~♣♣♣♣♣.~.
.y~~~§~~..~♣~.§§...≈≈≈~.D.♣..~~~


You could see an alligator (swift, extremely poisoned, ally target), an
eight-headed hydra (drained, ally target), a five-headed hydra, 2 swamp dragons,
2 vampire mosquitoes, a friendly bound orc warlord and a friendly alligator
zombie.

Vanquished Creatures
  Kirke (Lair:3)
  A white draconian (IceCv)
  Snorg (D:9)
  Harold (D:9)
  A vault guard (D:13)
  Fannar (D:10)
  2 boulder beetles
  An ogre mage (Orc:2)
  5 hydras
  2 death knights
  7 two-headed ogres
  2 tengu warriors
  5 centaur warriors
  An alligator (Swamp:1)
  3 orc high priests
  A goliath frog (Swamp:1)
  A skeletal warrior (D:15)
  A bog body (Lair:3)
  A spectral anaconda (Lair:5)
  A spriggan druid (Swamp:1)
  2 deep trolls (Orc:2)
  2 wizards (D:13)
  2 deep elf zephyrmancers (D:12)
  2 orc knights
  2 phantasmal warriors (D:13)
  3 necromancers
  2 orc sorcerers
  A deep elf pyromancer (D:14)
  7 cyclopes
  9 slime creatures
  7 ugly things
  2 ice statues (IceCv)
  6 cane toads
  4 black mambas
  5 elephants (Lair:5)
  2 gargoyles
  A dire elephant skeleton (Lair:5)
  7 rime drakes
  2 unseen horrors
  Maggie (D:8)
  5 komodo dragons
  An efreet (D:13)
  A kobold demonologist (D:9)
  2 freezing wraiths
  A tengu conjurer (D:15)
  15 trolls
  A hornet (D:11)
  12 blink frogs
  Prince Ribbit (D:7)
  9 dream sheep
  A spectral elephant (Lair:5)
  2 vampires
  3 culicivoras (Lair:3)
  A shadow (D:11)
  A wraith (D:13)
  3 wyverns
  Eustachio (D:4)
  20 humans (D:13)
  34 yaks
  2 death yak simulacra (Lair:5)
  5 basilisks
  3 steam dragons
  Grum (D:8)
  A hog (Lair:2)
  4 vampire mosquitoes
  5 wargs
  2 acid dragons
  Duvessa (D:7)
  11 water moccasins
  An ice beast (D:7)
  4 black bears
  24 orc warriors
  A sky beast (D:7)
  22 ogres
  13 wolves
  5 centaurs
  A kobold brigand (D:6)
  3 phantoms
  A necrophage (D:8)
  10 bullfrogs
  A scorpion (D:6)
  5 wights (D:9)
  4 lindwurm simulacra (IceCv)
  26 killer bees
  4 electric eels
  5 komodo dragon simulacra (IceCv)
  2 hounds (D:6)
  2 jellies
  12 orc priests
  3 gnoll boudas
  3 iguanas
  9 orc wizards
  3 hell rats
  2 acid dragon simulacra (IceCv)
  2 adders
  24 gnolls
  A river rat (Lair:1)
  3 white imps
  8 steam dragon simulacra (IceCv)
  4 dart slugs
  A worm (D:5)
  49 orcs
  7 endoplasms
  3 giant cockroaches
  6 goblins
  4 hobgoblins
  2 quokkas
  11 ball pythons
  4 bats
  2 frilled lizards (D:1)
  14 kobolds
  14 rats
582 creatures vanquished.

Vanquished Creatures (collateral kills)
  An eleionoma (Swamp:1)
  4 dire elephants (Lair:5)
  An ettin (Orc:2)
  A hydra (Lair:5)
  Erica (D:9)
  2 alligators (Swamp:1)
  A centaur warrior (D:14)
  3 two-headed ogres (Orc:2)
  Urug (D:11)
  A spectral death yak (Lair:5)
  A bog body (Lair:3)
  Pikel (D:9)
  A necromancer (Lair:5)
  A black mamba (Lair:5)
  A rime drake (Lair:1)
  A cane toad (Lair:1)
  A komodo dragon (Lair:5)
  4 slime creatures
  A dream sheep (Lair:3)
  5 blink frogs
  A spectral elephant (Lair:5)
  A wraith (D:15)
  A wyvern (Lair:5)
  A hog (Lair:3)
  A human (D:13)
  8 yaks
  2 wargs
  2 swamp worms (Swamp:1)
  4 water moccasins
  3 orc warriors
  A swamp drake (Swamp:1)
  An elephant zombie (Lair:5)
  2 ogres (Orc:2)
  5 wolves
  A centaur (D:14)
  2 bullfrogs
  Dowan (D:7)
  3 killer bees (D:9)
  A gnoll bouda (D:9)
  2 orc priests
  An orc wizard (Orc:2)
  2 hell rats (Lair:1)
  4 gnolls
  An acid dragon simulacrum (IceCv)
  2 river rats (Lair:1)
  16 orcs
  5 rats (Lair:1)
  A rat zombie (Lair:1)
  A withered plant (Lair:5)
109 creatures vanquished.

Vanquished Creatures (others)
  A spectral hydra (Lair:5)
  A wizard (D:14)
  2 ugly thing zombies (D:15)
  A dire elephant zombie (Lair:5)
  A bloated husk (Swamp:1)
  An alligator zombie (Swamp:1)
  A black mamba zombie (Lair:5)
  2 slime creature zombies (D:13)
  A human (Lair:3)
  A two-headed ogre zombie (Orc:2)
  5 blink frog zombies
  A dream sheep zombie (Lair:5)
  4 human zombies
  3 vampire mosquito zombies
  3 komodo dragon zombies (Lair:5)
  A wyvern zombie (D:8)
  2 water moccasin zombies (Lair:5)
  A cyclops zombie (D:14)
  A warg zombie (Orc:2)
  3 troll zombies (Orc:2)
  5 yak zombies
  8 bullfrog zombies
  2 wolf zombies
  2 centaur zombies
  A basilisk zombie (D:15)
  8 killer bee zombies
  10 ogre zombies
  A sky beast zombie (D:7)
  An acid dragon zombie (D:12)
  A hell rat zombie (Lair:1)
  A swamp drake zombie (Swamp:1)
  An acid dragon simulacrum (IceCv)
  2 steam dragon zombies
  An iguana zombie (D:7)
  A jelly zombie (D:7)
  7 gnoll zombies
  A river rat zombie (Lair:1)
  A kobold zombie (D:6)
  34 orc zombies
  A bush (Lair:5)
  61 fungi
  91 plants
  22 withered plants
299 creatures vanquished.

Grand Total: 990 creatures vanquished

Notes
Turn   | Place    | Note
-------+----------+-------------------------------------------
     0 | D:1      | Zeldest the Mummy Fighter began the quest for the Orb.
     0 | D:1      | Reached XP level 1. HP: 18/18 MP: 1/1
   259 | D:1      | Reached XP level 2. HP: 24/24 MP: 2/2
   688 | D:1      | Gained mutation: You are in touch with the powers of death.
                  | [Mummy growth]
   688 | D:1      | Reached XP level 3. HP: 20/29 MP: 3/3
  1280 | D:2      | Found a broken altar of Ashenzari.
  1662 | D:2      | Found a faded altar of an unknown god.
  1834 | D:2      | Reached XP level 4. HP: 35/35 MP: 4/4
  1838 | D:2      | You fall into a shaft and drop 2 floors!
  1976 | D:3      | Found an opulent altar of Gozag.
  2234 | D:3      | Identified the amulet of Nemelex Xobeh, Baking {Acrobat
                  | Drain rC+++ rN+ Str+6}
  2423 | D:4      | Found a glowing drain.
  2435 | Sewer    | Entered a sewer
  2488 | Sewer    | Reached XP level 5. HP: 28/42 MP: 5/5
  2502 | Sewer    | Identified a scroll of acquirement
  2583 | Sewer    | Acquired the +10 eveningstar of Fear {vorpal, Str+4}
  2645 | D:4      | Noticed a black bear
  2650 | D:4      | Killed a black bear
  2651 | D:4      | Reached skill level 1 in Maces & Flails
  2701 | D:4      | Noticed Eustachio
  2709 | D:4      | HP: 2/42 [Eustachio/+0 falchion of holy wrath (7)]
  2711 | D:4      | Killed Eustachio
  2712 | D:4      | Reached XP level 6. HP: 3/49 MP: 6/6
  3022 | D:4      | Found an ornate altar of the Wu Jian Council.
  3396 | D:3      | Found an iron altar of Okawaru.
  3489 | D:3      | Found a basalt altar of Yredelemnul.
  3496 | D:3      | Became a worshipper of Yredelemnul the Dark
  3525 | D:3      | Identified the +4 short sword of Okawaru's Envy {speed, rN+
                  | Str-5 Int+4}
  3865 | D:3      | Reached XP level 7. HP: 48/55 MP: 7/7
  4277 | D:4      | Reached skill level 1 in Invocations
  4462 | D:5      | Entered Level 5 of the Dungeon
  4476 | D:5      | Reached skill level 5 in Fighting
  4503 | D:5      | Reached * piety under Yredelemnul
  4596 | D:5      | Found a staircase to the Ecumenical Temple.
  4998 | D:5      | Reached XP level 8. HP: 57/63 MP: 9/9
  5006 | D:5      | Found a shimmering altar of Xom.
  5155 | D:6      | Reached skill level 5 in Maces & Flails
  5201 | D:6      | Found a radiant altar of Vehumet.
  5385 | D:7      | Found Inylomp's Antique Armour Shop.
  5559 | D:7      | Bought a pair of masterwork boots for 247 gold pieces
  5559 | D:7      | Identified the -1 pair of boots of the Solstice {*Corrode
                  | rF+ Int+4} (You bought it in a shop on level 7 of the
                  | Dungeon)
  5630 | D:7      | Reached ** piety under Yredelemnul
  5633 | D:7      | Reached XP level 9. HP: 71/71 MP: 11/11
  5638 | D:7      | Reached *** piety under Yredelemnul
  5784 | D:7      | Found an ancient bone altar of Kikubaaqudgha.
  6025 | D:7      | Noticed Prince Ribbit
  6029 | D:7      | Killed Prince Ribbit
  6280 | D:7      | Noticed Duvessa
  6280 | D:7      | Noticed Dowan
  6285 | D:7      | Killed Dowan
  6289 | D:7      | Your ally Prince Ribbit died
  6293 | D:7      | Killed Duvessa
  6493 | D:8      | Noticed Maggie
  6498 | D:8      | Killed Maggie
  6499 | D:8      | Reached skill level 5 in Invocations
  6812 | D:8      | Noticed Grum
  6817 | D:8      | Reached XP level 10. HP: 65/80 MP: 14/14
  6823 | D:8      | Killed Grum
  6941 | D:8      | Found a hide-covered altar of Uskayaw.
  8070 | D:9      | Found a staircase to the Orcish Mines.
  8104 | D:9      | Found a staircase to the Lair.
  8148 | D:9      | Noticed Erica
  8150 | D:9      | Noticed Pikel
  8159 | D:9      | Killed Erica
  8160 | D:9      | Reached XP level 11. HP: 80/89 MP: 16/16
  8162 | D:9      | Killed Pikel
  8286 | D:9      | Reached skill level 10 in Maces & Flails
  8468 | D:9      | Found a hazy altar of Hepliaklqana.
  8723 | D:10     | Entered Level 10 of the Dungeon
  8723 | D:10     | Noticed Harold
  8731 | D:9      | Killed Harold
  8778 | D:10     | Noticed a two-headed ogre
  8787 | D:10     | Noticed a two-headed ogre
  8836 | D:10     | Noticed Snorg
  8845 | D:9      | Killed Snorg
  9060 | D:10     | Found a blossoming altar of Fedhas.
  9069 | D:10     | Found a stormy altar of Qazlal.
  9080 | D:10     | Noticed Fannar
  9086 | D:10     | Killed Fannar
  9133 | D:10     | Killed a two-headed ogre
  9134 | D:10     | Reached skill level 10 in Fighting
  9204 | D:10     | Killed a two-headed ogre
  9526 | Lair:1   | Entered Level 1 of the Lair of Beasts
  9780 | Lair:1   | Reached XP level 12. HP: 89/98 MP: 18/18
  9783 | Lair:1   | Noticed a seven-headed hydra
  9790 | Lair:1   | Killed a seven-headed hydra
  9810 | Lair:1   | Reached **** piety under Yredelemnul
  9814 | Lair:1   | Reached ***** piety under Yredelemnul
 10723 | Lair:2   | Noticed a seven-headed hydra
 10729 | Lair:2   | Killed a seven-headed hydra
 12043 | Lair:3   | Noticed Kirke
 12365 | Lair:3   | Identified the +1 robe "Othugor" {Str+2 Int+2}
 12370 | Lair:3   | Noticed a five-headed hydra
 12377 | Lair:3   | Killed a five-headed hydra
 12381 | Lair:3   | Killed Kirke
 12401 | Lair:3   | Gained mutation: You are strongly in touch with the powers
                  | of death. [Mummy growth]
 12401 | Lair:3   | Reached XP level 13. HP: 46/106 MP: 20/20
 12964 | Lair:3   | Found a staircase to the Swamp.
 13091 | Lair:3   | Found a hole to the Spider Nest.
 13785 | Lair:4   | Reached skill level 10 in Invocations
 14148 | Lair:5   | Entered Level 5 of the Lair of Beasts
 14903 | Lair:5   | Found a staircase to the Slime Pits.
 14934 | Lair:5   | Reached ****** piety under Yredelemnul
 15473 | Lair:5   | Noticed a dire elephant
 15473 | Lair:5   | Noticed a dire elephant
 15473 | Lair:5   | Noticed a dire elephant
 15475 | Lair:5   | Noticed a dire elephant
 15740 | Lair:5   | Killed a dire elephant
 15745 | Lair:5   | Killed a dire elephant
 15759 | Lair:5   | Killed a dire elephant
 15766 | Lair:5   | Killed a dire elephant
 16334 | Lair:5   | Reached XP level 14. HP: 82/116 MP: 22/22
 17163 | D:11     | Found a runed translucent gate.
 17163 | D:11     | Found a runed translucent gate.
 17163 | D:11     | Found a runed translucent gate.
 17165 | D:11     | Noticed SensoryNuts's ghost (journeyman HOFi)
 17265 | D:11     | Noticed Urug
 17277 | D:11     | Killed Urug
 20656 | D:13     | Reached skill level 15 in Maces & Flails
 20778 | D:13     | Found a gate to the Vaults.
 21108 | D:14     | Identified the ring "Washomp" {Dex+6 Slay+6 Stlth+}
 22825 | D:15     | Entered Level 15 of the Dungeon
 22850 | D:15     | Found a staircase to the Depths.
 22851 | D:15     | Noticed a stone giant
 23217 | D:15     | Reached XP level 15. HP: 26/125 MP: 24/24
 23842 | D:15     | Found a runed translucent gate.
 23843 | D:15     | Found a runed translucent gate.
 23844 | D:15     | Found a runed translucent gate.
 23845 | D:15     | Noticed Ryruocesk's ghost (adept DEFE)
 23846 | D:15     | Noticed dang3rdave's ghost (journeyman VSBr)
 24462 | Orc:1    | Entered Level 1 of the Orcish Mines
 24982 | Orc:2    | Entered Level 2 of the Orcish Mines
 25215 | Orc:2    | Found a frozen archway.
 25227 | Orc:2    | Found Juwu's Magic Scroll Boutique.
 25243 | Orc:2    | Noticed an orc warlord
 25274 | IceCv    | Entered an ice cave
 27417 | Orc:2    | Reached skill level 15 in Fighting
 27426 | Orc:2    | Found Ilydel's Jewellery Boutique.
 28086 | Orc:2    | Found a staircase to the Elven Halls.
 28174 | Orc:2    | Found Geparuph's Magic Scroll Shop.
 28175 | Orc:2    | Found Fimer's Antique Weapon Shoppe.
 28234 | Orc:2    | Bought a scroll of teleportation for 48 gold pieces
 28234 | Orc:2    | Bought a scroll of summoning for 152 gold pieces
 28237 | Orc:2    | Found Qarusab's Distillery.
 28255 | Orc:2    | Bought a scroll of teleportation for 48 gold pieces
 28255 | Orc:2    | Bought a scroll of teleportation for 48 gold pieces
 28255 | Orc:2    | Bought a scroll of enchant weapon for 120 gold pieces
 28319 | Orc:2    | Killed an orc warlord
 28319 | Orc:2    | Enslaved an orc warlord
 29038 | Swamp:1  | Entered Level 1 of the Swamp
 29090 | Swamp:1  | Noticed Mlioglotl
 29093 | Swamp:1  | HP: 6/129 [bog body/bolt of cold (5)]
 29094 | Swamp:1  | Noticed a tentacled starspawn
 29103 | Swamp:1  | Mangled by a swamp dragon

Illustrated notes

Levels and vault maps discovered:
D:1:      heliophobic_arrival_battle_scene, layout_loops_ring, serial_rivers,
          chequers_serial_rivers_micro_e, chequers_serial_rivers_micro_b,
          chequers_serial_rivers_room_b, chequers_serial_rivers_room_a,
          chequers_serial_rivers_large_a, chequers_serial_rivers_marsh
D:2:      layout_loops_cross, basic_altar, ebering_ecumenical_altar_webs,
          minmay_fractal_squares_5
D:3:      layout_basic, yredelemnul_altar_generic, okawaru_ov_weapons_minmay,
          nicolae_gozag_seed_capital
D:4:      layout_loops_ring, nicolae_wu_jian_immortal_techniques,
          portal_sewer_entry_a, uniq_eustachio
D:5:      layout_rooms, lemuel_coloured_pillars_altar,
          minmay_temple_entry_gardened_gates
D:6:      layout_rooms, vehumet_altar_wand_db
D:7:      dreamdust_elfheim, layout_basic, lemuel_tele_altar, serial_shops,
          shop, sigmund_army, uniq_duvessa, uniq_prince_ribbit1
D:8:      layout_loops_cross, nicolae_elyvilon_temple_path,
          nicolae_uskayaw_dance_hall, uniq_grum, uniq_maggie
D:9:      minmay_angry_zag, layout_long_grid, kennysheep_little_box,
          mainiacjoe_overflow_alcove_2, erik_lair_orcish_takeover, uniq_pikel,
          uniq_erica
D:10:     layout_rooms, grunt_temple_overflow_forces_of_nature, uniq_snorg,
          uniq_harold, uniq_fannar
D:11:     layout_roguey, gammafunk_ghost_necromancy, uniq_urug
D:12:     layout_roguey, billiards_dpeg
D:13:     layout_basic, grunt_vaults_entry_tiered, hive_lemuel
D:14:     layout_loops_cross, dk_noncrumbling_3
D:15:     grunt_enter_depths_giant_problem, layout_loops_ring,
          gammafunk_ghost_cemetery, kennysheep_doodads, minivault_22,
          lemuel_flamethrower_3
Lair:1:   layout_hall_layers, chequers_serial_rivers_micro_a,
          kennysheep_abandoned_house
Lair:2:   layout_small_grid, grunt_forest_small_clearings, minivault_19,
          serial_bayou_shore_a
Lair:3:   layout_regular_city, skrybe_swamp_entry_bodies,
          spider_nest_entry_funnel_web, uniq_kirke
Lair:4:   layout_regular_city
Lair:5:   due_jungle_book, layout_cave_pods, dpeg_slime_entry_enclosed
Swamp:1:  layout_basic_swamp, hangedman_swamp_ruin_wall,
          infiniplex_staircase_pool, uniq_mlioglotl
Orc:1:    layout_diamond_mine, basic_altar
Orc:2:    st_orc_open, layout_caves, serial_shops, shop_fountains,
          portal_ice_cave_rime

Skill      XL: |  1  2  3  4  5  6  7  8  9 10 11 12 13 14 15 |
---------------+----------------------------------------------+-----
Axes           | 2 3 |  3.3
Armour         | 3 4 |  4.2
Fighting       | 4 5 6 7 9 10 11 12 13 15 | 15.4
Maces & Flails | 2 3 4 6 8 9 11 12 14 15 | 15.8
Invocations    | 2 3 5 6 8 9 10 12 13 | 13.5
Shields        | |  2.8

Action                   |  1- 3 |  4- 6 |  7- 9 | 10-12 | 13-15 || total
-------------------------+-------+-------+-------+-------+-------++-------
Melee: War axe           |    98 |    55 |       |       |       ||   153
       Eveningstar       |       |    34 |   171 |   302 |   747 ||  1254
       Broad axe         |       |       |       |       |     4 ||     4
Throw: Throwing net      |       |       |       |       |     1 ||     1
Invok: Dark Bargain      |       |       |       |     4 |     2 ||     6
       Bind Soul         |       |       |       |       |     4 ||     4
       Drain Life        |       |       |       |       |     1 ||     1
       Recall Undead Har |       |       |       |       |     4 ||     4
Evoke: Wand              |       |       |       |     7 |    22 ||    29
       Phantom mirror    |       |       |       |       |     1 ||     1
  Use: Scroll            |       |     9 |       |     7 |    19 ||    35
 Stab: Distracted        |       |       |       |     1 |     5 ||     6
Armor: Scale mail        |    37 |    29 |    46 |       |       ||   112
       Chain mail        |       |       |    26 |   101 |   227 ||   354
Dodge: Dodged            |    32 |    47 |   103 |   170 |   281 ||   633
Block: Buckler           |    46 |    25 |    39 |    86 |   156 ||   352
       Reflection        |     3 |     1 |       |       |       ||     4
       Kite shield       |       |       |       |       |    13 ||    13

Table legend: (Time is in decaauts)
 A = Elapsed time spent in this place.
 B = Non-inter-level travel time spent in this place.
 C = Inter-level travel time spent in this place.
 D = Time resting spent in this place.
 E = Time spent auto-exploring this place.
 F = Levels seen in this place.
 G = Mean time per level.
                   A        B        C        D        E       F      G
               +--------+--------+--------+--------+--------+-----+--------+
         Total |  31319 |  29724 |   1595 |  11062 |  13486 |  25 | 1252.8 |
       Dungeon |  18292 |  17233 |   1059 |   6137 |   8299 |  15 | 1219.5 |
          Lair |   8174 |   7766 |    408 |   2320 |   4120 |   5 | 1634.8 |
         Swamp |     68 |     68 |      0 |     27 |      0 |   1 |   68.0 |
  Orcish Mines |   3291 |   3165 |    126 |   1583 |    886 |   2 | 1645.5 |
         Sewer |    169 |    169 |      0 |     80 |     12 |   1 |  169.0 |
      Ice Cave |   1323 |   1323 |      0 |    915 |    167 |   1 | 1323.0 |
               +--------+--------+--------+--------+--------+-----+--------+

Top non-repeatable levels by time:
  Lair:5: 2649 daAuts
   Orc:2: 2364 daAuts
    D:13: 2115 daAuts
    D:14: 2067 daAuts
    D:15: 1735 daAuts
  Lair:3: 1574 daAuts
    D:11: 1472 daAuts
  Lair:2: 1472 daAuts
  Lair:1: 1431 daAuts
     D:9: 1397 daAuts
     D:7: 1383 daAuts
   IceCv: 1323 daAuts
     D:1: 1308 daAuts
    D:12: 1305 daAuts
     D:4: 1188 daAuts
